 Dungeon Crawl Stone Soup version 0.14-a0-30-gf0b6e91 (webtiles) character file.

73 Duskembrace the Fey Minotaur (level 3, 0/30 HPs)
             Began as a Minotaur Death Knight on Sept 27, 2013.
             Was a Believer of Yredelemnul.
             Slain by Sigmund
             ... wielding a +0,+0 scythe
              (7 damage)
             ... on Level 2 of the Dungeon.
             The game lasted 00:05:45 (858 turns).

Duskembrace the Fey Minotaur (Minotaur Death Knight) Turns: 858, Time: 00:05:45

HP   0/30        AC  4     Str 17      XL: 3   Next: 12%
MP   4/4         EV 11     Int  8      God: Yredelemnul [**....]
Gold 40          SH  0     Dex 10      Spells:  0 memorised,  2 levels left

Res.Fire  : . . .   See Invis. : .   a - +1 hand axe
Res.Cold  : . . .   Warding    : .   b - +0 leather armour
Life Prot.: . . .   Conserve   : .   (no shield)
Res.Poison: .       Res.Corr.  : .   (helmet restricted)
Res.Elec. : .       Clarity    : .   (no cloak)
Sust.Abil.: . .     Spirit.Shd : .   (no gloves)
Res.Mut.  : .       Stasis     : .   d - +0 pair of orc boots
Res.Rott. : .       Flight     : .   (no amulet)
Saprovore : . . .                    (no ring)
                                     (no ring)

@: not resistant to hostile enchantments, very unstealthy
A: retaliatory headbutt, horns 2
a: Animate Remains, Recall Undead Slaves, Injury Mirror, Renounce Religion


You were on level 2 of the Dungeon.
You worshipped Yredelemnul.
Yredelemnul was pleased with you.
You were hungry.

You visited 1 branch of the dungeon, and saw 2 of its levels.

You collected 20 gold pieces.

Inventory:

Hand weapons
 a - a +1,+1 hand axe (weapon)
Missiles
 e - 18 darts (quivered)
 i - 7 javelins
Armour
 b - a +0 leather armour (worn)
 d - a +0 pair of orcish boots (worn)
Comestibles
 c - 3 bread rations
 g - 2 meat rations
Scrolls
 f - a scroll of amnesia {unknown}
 h - 3 scrolls of identify {unknown}
 j - a scroll of teleportation {unknown}
Potions
 k - a potion of curing {unknown}


   Skills:
 + Level 3.0 Fighting
 + Level 2.8 Axes
 + Level 1.7 Armour
 + Level 1.3 Dodging
 + Level 3.2 Invocations


You had 2 spell levels left.
You didn't know any spells.

Dungeon Overview and Level Annotations

Branches:
Dungeon (2/27)

Altars:

Annotations:
D:2 Sigmund


Innate Abilities, Weirdness & Mutations

You reflexively headbutt those who attack you in melee.
You have a pair of horns on your head.


Message History

Sigmund comes into view.
He is wielding a scythe.
Sigmund shouts!
Sigmund gestures wildly while chanting.
Sigmund flickers and vanishes!
Deactivating autopickup; reactivate with Ctrl-A.
Found an orcish falchion.
You hear some strange, mumbled words.
The puff of flame hits you! It hits you!
You hear some strange, mumbled words.
Something tries to affect you, but you resist.
Found a bread ration.
It hits you!
* * * LOW HITPOINT WARNING * * *
It hits you.
* * * LOW HITPOINT WARNING * * *
You open the door. It hits you!
You die...
Your body rises from the dead as a mindless zombie.

.........#
.........############
....................#
.................>##.#
................#.#
..........#####.#.#
........z.# #.#.#
..........# #.#.#
........@## #.#.#
.........# ..#.#
........# #####.#
........# #...()#
...%....##.#.###.#
................####
......#####.......#
.....# #.##.##.# ...
... #.##<#


You could see a friendly kobold zombie.

Vanquished Creatures
  A gnoll (D:1)
  2 bats (D:1)
  A goblin (D:1)
  3 hobgoblins
  An ooze (D:1)
  3 giant newts (D:1)
  5 kobolds
  3 rats (D:1)
19 creatures vanquished.

Vanquished Creatures (collateral kills)
  A hobgoblin (D:1)
  3 bats (D:1)
  A goblin (D:1)
  A kobold (D:1)
6 creatures vanquished.

Vanquished Creatures (others)
  2 bat zombies (D:1)
  A kobold zombie (D:1)
3 creatures vanquished.

Grand Total: 28 creatures vanquished

Notes
Turn   | Place    | Note
--------------------------------------------------------------
     0 | D:1      | Duskembrace, the Minotaur Death Knight, began the quest for the Orb.
     0 | D:1      | Reached XP level 1. HP: 17/17 MP: 2/2
   316 | D:1      | Reached XP level 2. HP: 24/24 MP: 2/2
   396 | D:1      | Reached skill level 3 in Fighting
   643 | D:1      | Reached XP level 3. HP: 28/30 MP: 1/4
   808 | D:1      | Acquired Yredelemnul's second power
   850 | D:2      | Noticed Sigmund
   858 | D:2      | Slain by Sigmund

Action                   || total
-------------------------++-------
Melee: Hand axe          ||    50
Invok: Animate Remains   ||    13
